Map: Ascension to Aiur LE

Players

Elazer

  • Race: Zerg Zerg
  • League: Master
  • Spawn Location: 5:00

Serral - Winner!

  • Race: Zerg Zerg
  • League: Grandmaster
  • Spawn Location: 11:00

Event: WESG Barcelona European Finals 2017

VOD

Have the link to the VOD?

Description

Time

  • Played on: Nov. 26, 2017, 9:02 a.m.
  • Length: 5:51

All games in this series

Show
View Real Time Build Order
Export as new Build Order

Elazer Zerg 

Build Orders: Hatch First 

Get SALT Encoding   

  12  0:00  Drone  
  13  0:12  Overlord  
  13  0:16  Drone  
  14  0:31  Drone x2  
  14  0:34  Drone  
  17  0:51  Hatchery  
  17  0:54  Drone  
  17  0:57  Drone  
  18  1:08  Extractor  
  17  1:12  Spawning Pool  
  17  1:15  Drone  
  17  1:18  Drone  
  18  1:27  Drone  
  19  1:38  Overlord  
  19  1:52  Drone  
  20  1:58  Queen  
  20  2:00  Zergling x2  
  23  2:03  Zergling x2, Queen  
  23  2:07  Metabolic Boost  
  26  2:11  Drone  
  26  2:14  Drone  
  28  2:24  Drone  
  28  2:25  Drone  
  30  2:37  Hatchery  
  30  2:41  Drone  
  30  2:45  Baneling Nest  
  30  2:48  Drone x2  
  31  2:55  Overlord  
  31  2:56  Drone  
  32  2:59  Drone  
  33  3:08  Zergling x4  
  33  3:10  Drone  
  36  3:13  Queen  
  36  3:17  Zergling x2  
  36  3:19  Drone  
  40  3:24  Drone x2  
  42  3:28  Baneling x2  
  42  3:30  Baneling x2  
  42  3:33  Queen  
  43  3:36  Zergling x2  
  44  3:43  Overlord  
  44  3:50  Zergling x6  
  49  3:55  Zergling x4  
  49  3:56  Zergling x2  
  49  3:57  Zergling x4  
  48  4:03  Zergling x4  
  46  4:10  Overlord  
  46  4:11  Overlord  
  46  4:15  Queen  
  42  4:20  Drone  
  42  4:23  Drone x2  
  41  4:30  Lair, Drone  
  41  4:32  Drone  
  41  4:34  Drone  
  43  4:39  Drone  
  43  4:44  Drone x2  
  46  4:50  Overlord  
  46  4:53  Drone x2  
  46  4:54  Drone x3  
  51  5:01  Roach Warren  
  51  5:02  Drone  
  51  5:04  Drone  
  49  5:08  Zergling x4  
  49  5:09  Zergling x2  
  49  5:10  Zergling x2  
  53  5:16  Overlord, Extractor  
  53  5:17  Extractor  
  53  5:18  Drone  
  51  5:21  Drone  
  51  5:23  Drone  
  51  5:27  Drone  
  52  5:32  Drone x2  
  54  5:39  Drone  
Show
View Real Time Build Order
Export as new Build Order

Serral Zerg - Winner!

Build Orders: Hatch First, Zergling Baneling 

Get SALT Encoding   

  12  0:00  Drone  
  13  0:12  Overlord  
  13  0:16  Drone  
  14  0:30  Drone x2  
  14  0:34  Drone  
  17  0:50  Hatchery  
  17  0:54  Drone  
  17  0:57  Drone  
  17  1:00  Extractor  
  17  1:12  Spawning Pool  
  17  1:16  Drone  
  17  1:19  Drone  
  18  1:27  Drone  
  19  1:38  Overlord  
  19  1:49  Drone  
  20  1:59  Queen  
  20  2:00  Zergling x2  
  20  2:01  Metabolic Boost  
  23  2:03  Queen  
  23  2:07  Zergling x2  
  26  2:10  Drone  
  26  2:14  Drone  
  28  2:22  Drone  
  29  2:24  Drone  
  30  2:36  Hatchery  
  29  2:39  Zergling x2  
  30  2:46  Baneling Nest  
  30  2:49  Zergling x4  
  31  2:54  Zergling x4  
  33  3:01  Zergling x2  
  33  3:04  Overlord  
  34  3:09  Zergling x4  
  36  3:23  Zergling x12  
  42  3:30  Baneling x4  
  42  3:31  Drone  
  43  3:35  Drone  
  44  3:41  Overlord  
  44  3:55  Baneling x2  
  43  4:00  Drone x2  
  42  4:04  Drone x3  
  43  4:13  Queen, Drone x2  
  43  4:14  Zergling x4  
  43  4:16  Drone  
  45  4:21  Drone x2  
  45  4:24  Zergling x6  
  48  4:28  Zergling x6  
  49  4:34  Baneling x2  
  49  4:42  Zergling x2  
  49  4:44  Baneling, Evolution Chamber  
  50  4:45  Drone x2  
  50  4:46  Drone x3  
  54  4:53  Overlord  
  54  4:56  Overlord  
  54  5:00  Drone x3  
  54  5:04  Zergling x4  
  56  5:07  Extractor  
  56  5:09  Overlord  
  55  5:14  Drone  
  55  5:15  Roach Warren, Extractor  
  55  5:17  Drone x2  
  55  5:19  Drone  
  55  5:20  Drone  
  58  5:22  Drone  
Tags
 
Add a new tag
Caveats
  • Supply blocks, unpowered buildings, or Contaminate may cause inaccurate times.
  • Supply counts are checked every 10 seconds.